 Dungeon Crawl Stone Soup version 0.31.0-11-ge490571c62 (webtiles) character file.

Game seed: 3422718853108081897

147 qw the Shooter (level 5, -3/26 HPs)
             Began as a Spriggan Hunter on Feb 5, 2024.
             Slain by Grinder (7 damage)
             ... on level 3 of the Dungeon.
             The game lasted 00:00:40 (1785 turns).

qw the Shooter (Spriggan Hunter)                    Turns: 1785, Time: 00:00:41

Health: -3/26      AC:  5    Str:  7    XL:     5   Next: 8%
Magic:  6/6        EV: 20    Int: 11    God:
Gold:   44         SH:  0    Dex: 20    Spells: 4/4 levels left

rFire   . . .        a - +0 shortbow (freeze)
rCold   . . .        (shield currently unavailable)
rNeg    . . .        c - +0 robe
rPois   .            (helmet restricted)
rElec   .            e - +2 cloak
rCorr   .            (gloves unavailable)
SInv    +            (boots unavailable)
Will    .....        (no amulet)
Stlth   ++           (no ring)
HPRegen 0.24/turn    (no ring)
MPRegen 0.10/turn

%: no passive effects
@: very quick
A: very small, no large weapons, unfitting armour, see invisible, speed 3
a: no special abilities


You were on level 3 of the Dungeon.
You visited 1 branch of the dungeon, and saw 3 of its levels.

You collected 176 gold pieces.
You spent 132 gold pieces at shops.


Innate Abilities, Weirdness & Mutations

You are very small and have problems with some larger weapons.
You are too small for most types of armour.
You have supernaturally acute eyesight. (SInv)
You cover ground extremely quickly. (Speed+++)


   Skills:
 - Level 2.0 Fighting
 + Level 5.2 Ranged Weapons
 - Level 5.1 Dodging
 - Level 1.5 Stealth


You had 4 spell levels left.
You didn't know any spells.
Your spell library was empty.

Inventory:

Hand Weapons
 a - a +0 shortbow of freezing (weapon)
Armour
 c - a +0 robe (worn)
 e - a +2 cloak (worn)
Jewellery
 k - a ring of fire
Wands
 f - a wand of roots (4)
Scrolls
 b - a scroll of blinking {unknown}
Potions
 d - 3 potions of curing
 g - a potion of enlightenment
 i - 2 potions of might

Dungeon Overview and Level Annotations

Branches:
Dungeon (3/15)

Altars:

Shops:
D:2 [   D:3 !

Annotations:
D:3 Grinder


Message History

A frilled lizard comes into view.
Grinder gestures at you. You resist with some effort.
You shoot an arrow. The arrow closely misses Grinder.
The frilled lizard hisses angrily.
Grinder gestures at you.
You suddenly lose the ability to move!
You can move again.
You shoot an arrow.
The arrow barely misses the frilled lizard.
You shoot an arrow.
The arrow closely misses the frilled lizard.
Grinder blinks!
You shoot an arrow. The arrow closely misses Grinder.
You shoot an arrow. The arrow hits Grinder.
Grinder is lightly wounded.
You shoot an arrow. The arrow hits Grinder.
Grinder is lightly wounded.
The frilled lizard completely misses you.
Grinder misses you. Grinder closely misses you.
The frilled lizard barely misses you.
You shoot an arrow. The arrow closely misses Grinder.
The frilled lizard closely misses you. Grinder closely misses you.
You shoot an arrow. The arrow closely misses Grinder.
The frilled lizard barely misses you. Grinder hits you.
You writhe in agony.
You shoot an arrow. The arrow barely misses Grinder.
The frilled lizard barely misses you. Grinder gestures at you.
Pain shoots through your body!
Ouch! That really hurt!
You shoot an arrow. The arrow closely misses Grinder.
The frilled lizard closely misses you. Grinder hits you.
You shoot an arrow. The arrow hits Grinder!
Grinder is moderately wounded.
The frilled lizard misses you. Grinder barely misses you.
You shoot an arrow. The arrow barely misses Grinder.
The frilled lizard completely misses you.
Grinder hits you!
You die...
Grinder sighs, "Dead already?
I want a refund."

######## ......... .......
.#>..... # .###### ...
...... .. .###### #.. #....#
.. ........ #.. #....##.#
#.##.### # #.. #..!....#..
........ #.###..##.#l.......
........
..........5@........#.......
................... ........
##.........#..#.#...
........ ..............#
.... ###..##. #.#####.###..#
...####..##. #.......# #..#
.....#..... #.......# #.(#
........... #.......# #..#
#.##....... #.......# #..#
#.###......


You could see Grinder and a frilled lizard.

Vanquished Creatures
  Terence (D:2)
  6 adders (D:2)
  3 dart slugs
  A ribbon worm (D:3)
  An orc (D:3)
  8 ball pythons
  4 bats
  6 endoplasms
  A giant cockroach (D:2)
  5 goblins
  9 hobgoblins
  3 quokkas
  3 frilled lizards
  5 kobolds
  4 rats
60 creatures vanquished.

Notes
Turn   | Place    | Note
-------+----------+-------------------------------------------
     0 | D:1      | qw the Spriggan Hunter began the quest for the Orb.
     0 | D:1      | Reached XP level 1. HP: 10/10 MP: 2/2
     0 | D:1      | 0 ||| qw: Version: 0.3-a-160-g6735b56
     0 | D:1      | 0 ||| qw: Game counter: 6220
     0 | D:1      | 0 ||| qw: Melee chars always use a shield: true
     0 | D:1      | 0 ||| qw: God list: Okawaru
     0 | D:1      | 0 ||| qw: Allow faded altars: false
     0 | D:1      | 0 ||| qw: Do Orc after clearing Dungeon:15 true
     0 | D:1      | 0 ||| qw: Do second Lair branch before Depths: true
     0 | D:1      | 0 ||| qw: Lair rune preference: random
     0 | D:1      | 0 ||| qw: Goals: Normal
     0 | D:1      | 0 ||| PLANNING D:1-11
    24 | D:1      | Reached skill level 3 in Dodging
    59 | D:1      | Reached XP level 2. HP: 14/14 MP: 3/3
   101 | D:1      | You fall into a shaft and drop 1 floor!
   111 | D:2      | 111 ||| READING scroll labelled OMEUFA LIGAELL.
   112 | D:2      | 112 ||| DROPPING scroll of butterflies.
   447 | D:1      | 447 ||| UPGRADING to +0 cloak.
   452 | D:1      | 452 ||| READING scroll labelled BEAKHL JIXKUGG.
   452 | D:1      | 452 ||| ENCHANTING +0 cloak.
   533 | D:2      | Reached XP level 3. HP: 18/18 MP: 4/4
   665 | D:2      | Reached XP level 4. HP: 22/22 MP: 5/5
   666 | D:2      | Found Hinib's Antique Armour Shop.
   675 | D:2      | 675 ||| SHOPLISTING glowing scarf (160 gold, have 71).
   883 | D:2      | Noticed Terence
   896 | D:2      | Killed Terence
  1313 | D:2      | 1313 ||| READING 2 scrolls labelled QIHY BEDIMNOE.
  1313 | D:2      | 1313 ||| IDENTIFYING inky potion
  1314 | D:2      | 1314 ||| READING scroll of identify.
  1314 | D:2      | 1314 ||| IDENTIFYING 2 lumpy yellow potions
  1315 | D:2      | 1315 ||| READING scroll labelled OSAYRA YLULOKU.
  1316 | D:2      | 1316 ||| READING scroll labelled QURIYQ DYTAVAK.
  1417 | D:2      | 1417 ||| READING 2 scrolls labelled ZINEQA MOPHIA.
  1418 | D:2      | 1418 ||| READING scroll labelled DUL YSCHAXOMI.
  1418 | D:2      | 1418 ||| BRANDING +0 shortbow.
  1419 | D:2      | 1419 ||| DROPPING scroll of fear.
  1463 | D:3      | 1463 ||| READING scroll of enchant armour.
  1463 | D:3      | 1463 ||| ENCHANTING +1 cloak.
  1604 | D:3      | Found Noptoril's Distillery.
  1628 | D:3      | 1628 ||| SHOPLISTING 2 potions of mutation (192 gold, have
                  | 138).
  1628 | D:3      | 1628 ||| BUYING potion of curing (36 gold).
  1628 | D:3      | Bought a potion of curing for 36 gold pieces
  1628 | D:3      | 1628 ||| BUYING potion of curing (36 gold).
  1628 | D:3      | Bought a potion of curing for 36 gold pieces
  1628 | D:3      | 1628 ||| BUYING potion of enlightenment (60 gold).
  1628 | D:3      | Bought a potion of enlightenment for 60 gold pieces
  1628 | D:3      | 1628 ||| SHOPLISTING potion of enlightenment (60 gold, have
                  | 6).
  1628 | D:3      | 1628 ||| SHOPLISTING potion of heal wounds (60 gold, have
                  | 6).
  1669 | D:3      | Reached XP level 5. HP: 26/26 MP: 6/6
  1772 | D:3      | Noticed Grinder
  1773 | D:3      | Paralysed by Grinder for 2 turns
  1783 | D:3      | HP: 4/26 [Grinder (5)]
  1785 | D:3      | Slain by Grinder

Levels and vault maps discovered:
D:1:      wander_arrival_estate, layout_rooms
D:2:      layout_basic, serial_shops, shop, uniq_terence
D:3:      layout_basic, grunt_temple_overflow_lords_of_destruction,
          serial_shops, nicolae_shop_advertising_works
          [nicolae_subvault_shop_adworks], serial_bayou_pond_b,
          minmay_distorted, uniq_grinder

Skill      XL: |  1  2  3  4 |
---------------+-------------+-----
Dodging        | 3 4 5 |  5.1
Ranged Weapons | 5 |  5.2
Fighting       | 2 |  2.0
Stealth        | |  1.5

Action                     |  1- 3 |  4- 6 || total
---------------------------+-------+-------++-------
   Fire: Shortbow          |    94 |    79 ||   173
    Use: Scroll            |     2 |     7 ||     9
 Armour: Robe              |     8 |     7 ||    15
  Dodge: Dodged            |    34 |    25 ||    59

Table legend:
 A = Non-vault XP
 B = Vault XP
 C = Vault XP percentage of total XP
 D = Non-vault monster count
 E = Vault monster count
 F = Vault count percentage of total count
                 A         B        C        D         E       F
            +---------+---------+-------+---------+---------+-------
      Total |     167 |      44 |  20.9 |      54 |       6 |  10.0
            +---------+---------+-------+---------+---------+-------
        D:1 |      39 |       0 |   0.0 |      22 |       0 |   0.0
        D:2 |      99 |      36 |  26.7 |      19 |       1 |   5.0
        D:3 |      29 |       8 |  21.6 |      13 |       5 |  27.8
            +---------+---------+-------+---------+---------+-------
